 Dungeon Crawl Stone Soup version 0.30-a0-711-gf4ac18a38d (webtiles) character file.

Game seed: 3363994345848305161

56 Sabo the Sneak (level 3, -3/21 HPs)
             Began as an Octopode Fire Elementalist on Jan 22, 2023.
             Slain by a gnoll
             ... wielding a +0 whip
              (10 damage)
             ... on level 2 of the Dungeon.
             The game lasted 00:09:08 (1832 turns).

Sabo the Sneak (Octopode Fire Elementalist)         Turns: 1832, Time: 00:09:08

Health: -3/21      AC:  1    Str:  7    XL:     3   Next: 95%
Magic:  0/6        EV: 13    Int: 19    God:
Gold:   58         SH:  0    Dex: 12    Spells: 6/7 levels left

rFire   . . .      SeeInvis .    j - +0 mace
rCold   . . .      Faith    .    (no shield)
rNeg    . . .      Spirit   .    (helmet restricted)
rPois   .          Reflect  .    (no amulet)
rElec   .          Harm     .    (no ring)
rCorr   .          Rampage  .    (no ring)
Will    .....                    (no ring)
Stlth   +++                      (no ring)
HPRegen 0.23/turn                (no ring)
MPRegen 0.10/turn                (no ring)
                                 (no ring)
                                 (no ring)

@: no status effects
A: almost no armour, amphibious, 8 rings, camouflage 1, gelatinous body 1,
(nimble swimmer 1), tentacles
a: no special abilities


You were on level 2 of the Dungeon.
You visited 1 branch of the dungeon, and saw 2 of its levels.

You collected 58 gold pieces.

Inventory:

Hand Weapons
 j - a +0 mace (weapon)
Scrolls
 b - a scroll of acquirement {unknown}
 g - a scroll of teleportation {unknown}
 i - a scroll of blinking {unknown}
 k - a scroll of identify {unknown}
 l - a scroll of noise {unknown}
Potions
 a - a potion of magic
 c - a potion of flight {unknown}
 d - a potion of brilliance {unknown}
 e - a potion of resistance {unknown}
 f - a potion of heal wounds {unknown}
 h - a potion of degeneration {unknown}


   Skills:
 + Level 0.1 Maces & Flails
 + Level 2.2 Dodging
 + Level 3.8 Stealth
 + Level 2.5 Spellcasting
 + Level 1.3 Conjurations
 + Level 3.5 Fire Magic


You had 6 spell levels left.
You knew the following spells:

 Your Spells              Type           Power      Damage    Failure   Level
a - Foxfire               Conj/Fire      44%        2x1d6     6%          1

Your spell library contained the following spells:

 Spells                   Type           Power      Damage    Failure   Level
 Scorch                   Fire           30%        2d6       6%          2
 Ensorcelled Hibernation  Hex/Ice        4%         N/A       24%         2
 Lesser Beckoning         Tloc           4%         N/A       24%         2
 Passwall                 Tmut/Erth      1%         N/A       24%         2
 Inner Flame              Hex/Fire       9%         N/A       24%         3
 Kindle Blastsparks       Fire/Tloc/Air  12%        2d11      30%         3
 Gell's Gravitas          Tloc           2%         N/A       43%         3
 Swiftness                Air            2%         N/A       43%         3
 Teleport Other           Tloc           2%         N/A       43%         3
 Flame Wave               Conj/Fire      11%        2d6       52%         4


Dungeon Overview and Level Annotations

Branches:
Dungeon (2/15)

Altars:


Innate Abilities, Weirdness & Mutations

You cannot wear most types of armour.
You are amphibious.
You can wear up to eight rings at the same time.
Your skin changes colour to match your surroundings (Stealth+).
Your rubbery body absorbs attacks. (AC +1, EV +1)
((You are camouflaged when in or above water. (Stealth+)))
You have tentacles for arms and can constrict up to eight enemies at once.


Message History

The foxfire hits the gnoll but does no damage.
The gnoll is moderately wounded.
Casting: Foxfire (safe; 6% risk of failure)
Confirm with . or Enter, or press ? or * to list all spells.
You conjure some foxfire!
The foxfire hits the gnoll.
The gnoll is severely wounded.
The foxfire hits the gnoll.
The gnoll is almost dead.
The gnoll hits you with a +0 club.
Casting: Foxfire (safe; 6% risk of failure)
Confirm with . or Enter, or press ? or * to list all spells.
You conjure some foxfire!
The gnoll misses you. The gnoll barely misses you.
You barely miss the gnoll. Your grab misses the gnoll.
The gnoll is heavily wounded.
The foxfire hits the gnoll.
You kill the gnoll!
The foxfire hits the gnoll.
The gnoll is severely wounded.
The gnoll closely misses you.
Casting: Foxfire (safe; 6% risk of failure)
Confirm with . or Enter, or press ? or * to list all spells.
You conjure some foxfire!
The hobgoblin hits you. The gnoll misses you.
You closely miss the gnoll. You grab the gnoll.
The gnoll is severely wounded.
You constrict the gnoll, but do no damage.
The foxfire hits the gnoll.
The gnoll is lightly wounded.
The foxfire hits the gnoll.
You kill the gnoll!
The hobgoblin hits you. The gnoll hits you with a +0 whip.
The endoplasm barely misses you. The hobgoblin closely misses you.
Casting: Foxfire (safe; 6% risk of failure)
Confirm with . or Enter, or press ? or * to list all spells.
You don't know that spell.
Casting: Foxfire (safe; 6% risk of failure)
Confirm with . or Enter, or press ? or * to list all spells.
You conjure some foxfire!
The hobgoblin barely misses you. The gnoll hits you with a +0 whip!
You die...

###...... ..... #....... ...g.
#....... ...... #......##.....
#.........# ... #.......# ...
#.. #.......# ... #..#
#...gJg.#### #.# #..#
#####@.....#### #.# #..#
#vv#.##....#
#.#####..######.##.#####.#
.....##.....##..##.# ###.#####
...............###.###.......#
...................[.........#
...............###...........#
..............## ##.(........#
..............# #...########


You could see a gnoll, an endoplasm (ally target) and a hobgoblin.

Vanquished Creatures
  2 gnolls (D:2)
  A dart slug (D:1)
  3 bats (D:1)
  3 endoplasms
  2 goblins (D:1)
  7 hobgoblins
  A kobold (D:1)
  A quokka (D:1)
  5 ball pythons
  A frilled lizard (D:2)
  7 rats
33 creatures vanquished.

Vanquished Creatures (others)
  76 foxfires
76 creatures vanquished.

Grand Total: 109 creatures vanquished

Notes
Turn   | Place    | Note
-------+----------+-------------------------------------------
     0 | D:1      | Sabo the Octopode Fire Elementalist began the quest for the
                  | Orb.
     0 | D:1      | Reached XP level 1. HP: 11/11 MP: 3/3
   351 | D:1      | Reached XP level 2. HP: 17/17 MP: 1/5
  1102 | D:1      | Reached XP level 3. HP: 21/21 MP: 3/6
  1832 | D:2      | Slain by a gnoll

Illustrated notes

Levels and vault maps discovered:
D:1:      noname_arrival_rooms_in_the_neighbourhood, layout_basic,
          chequers_mini_garden
D:2:      layout_rooms, basic_altar

Skill      XL: |  1  2 |
---------------+-------+-----
Stealth        | 3 |  3.8
Maces & Flails | |  0.1
Dodging        | |  2.2
Spellcasting   | |  2.5
Conjurations   | |  1.3
Fire Magic     | |  3.5

Action                     || total
---------------------------++-------
  Melee: Dagger            ||     5
         Constrict         ||     4
         Tentacles         ||     1
         Mace              ||     5
   Cast: Foxfire           ||    44
   Stab: Sleeping          ||     2
 Armour: Skin              ||     1
  Dodge: Dodged            ||    30

Table legend: (Time is in decaauts)
 A = Elapsed time spent in this place.
 B = Non-inter-level travel time spent in this place.
 C = Inter-level travel time spent in this place.
 D = Time resting spent in this place.
 E = Time spent auto-exploring this place.
 F = Levels seen in this place.
 G = Mean time per level.
                   A        B        C        D        E       F      G
               +--------+--------+--------+--------+--------+-----+--------+
         Total |   1832 |   1832 |      0 |    634 |      0 |   2 |  916.0 |
       Dungeon |   1832 |   1832 |      0 |    634 |      0 |   2 |  916.0 |
               +--------+--------+--------+--------+--------+-----+--------+

Top non-repeatable levels by time:
     D:1: 1597 daAuts
     D:2: 234 daAuts
